 Dungeon Crawl Stone Soup version 0.30.1-11-g7821555f0a (webtiles) character file.

Game seed: 2805608039216428739

199 comborobin the Chopper (level 5, -11/45 HPs)
             Began as a Hill Orc Delver on Dec 23, 2023.
             Was a Follower of Okawaru.
             Mangled by an ogre
             ... wielding a +0 giant club
              (13 damage)
             ... on level 5 of the Dungeon.
             The game lasted 00:00:58 (779 turns).

comborobin the Chopper (Hill Orc Delver)             Turns: 779, Time: 00:00:59

Health: -11/45     AC:  6    Str: 15      XL:     5   Next: 77%
Magic:  5/5        EV: 11    Int: 10      God:    Okawaru [*.....]
Gold:   15         SH:  0    Dex: 11 (14) Spells: 4/4 levels left

rFire   . . .        a - +0 hand axe
rCold   . . .        (no shield)
rNeg    + . .        f - +3 leather armour {rN+}
rPois   .            (no helmet)
rElec   .            (no cloak)
rCorr   .            (no gloves)
SInv    .            (no boots)
Will    .....        (no amulet)
Stlth   ++           (no ring)
HPRegen 0.27/turn    (no ring)
MPRegen 0.09/turn

%: no passive effects
@: no status effects
A: no striking features
a: Renounce Religion, Heroism


You were on level 5 of the Dungeon.
You worshipped Okawaru.
Okawaru was aware of your devotion.
You visited 1 branch of the dungeon, and saw 2 of its levels.

You collected 15 gold pieces.

Inventory:

Hand Weapons
 a - a +0 hand axe (weapon)
Armour
 b - a +0 leather armour
 f - a +3 leather armour of positive energy (worn)
Wands
 g - a wand of digging (3)
Scrolls
 c - a scroll of fog
 d - a scroll of magic mapping
 e - a scroll of fear
 j - a scroll of identify {unknown}
Potions
 h - a potion of flight {unknown}


   Skills:
 - Level 3.6 Fighting
 + Level 7.7 Axes
 - Level 1.5 Dodging
 - Level 4.1 Stealth


You had 4 spell levels left.
You didn't know any spells.
Your spell library was empty.

Dungeon Overview and Level Annotations

Branches:
Dungeon (6/15)
 Temple: D:4-7

Altars:
Dithmenos
Okawaru
Sif Muna


Message History

You start waiting.
Done waiting.
An ogre comes into view. It is wielding a +0 giant club.
An ogre is nearby!
An ogre is nearby!
The ogre shouts!
Okay, then.
You hit the ogre.
The ogre is lightly wounded.
The ogre barely misses you.
You slash the ogre!
The ogre is moderately wounded.
The ogre misses you.
You hit the ogre.
The ogre is moderately wounded.
You hit the ogre.
The ogre is heavily wounded.
The ogre barely misses you.
You hit the ogre.
The ogre is severely wounded.
You barely miss the ogre.
The ogre is severely wounded.
The ogre closely misses you.
You hit the ogre.
The ogre is severely wounded.
The ogre hits you with a +0 giant club!!
Ouch! That really hurt!
You are too injured to fight recklessly!
You barely miss the ogre.
The ogre is severely wounded.
You are too injured to fight recklessly!
You slash the ogre!
The ogre is almost dead.
The ogre hits you with a +0 giant club!
* * * LOW HITPOINT WARNING * * *
You are too injured to fight recklessly!
You barely miss the ogre.
The ogre is almost dead.
The ogre hits you with a +0 giant club!
You die...

############
#...@O......
#.##########
#.##.###########.#
#................#
####.####.....##.#
......#)###.....
#..........#######
#.................
.......####..#######


You could see an ogre.

Vanquished Creatures
  Eustachio (D:5)
  A scorpion (D:5)
  An adder (D:6)
3 creatures vanquished.

Notes
Turn   | Place    | Note
-------+----------+-------------------------------------------
     0 | D:5      | comborobin the Hill Orc Delver began the quest for the Orb.
     0 | D:5      | Reached XP level 1. HP: 19/19 MP: 1/1
    10 | D:5      | Noticed Eustachio
    65 | D:5      | Found a shadowy altar of Dithmenos.
    65 | D:5      | Found a shimmering blue altar of Sif Muna.
    70 | D:5      | Noticed a jelly
   145 | D:6      | Reached skill level 3 in Axes
   145 | D:6      | Reached XP level 2. HP: 16/26 MP: 2/2
   211 | D:6      | Found an iron altar of Okawaru.
   449 | D:6      | Became a worshipper of Warmaster Okawaru
   531 | D:5      | Noticed a scorpion
   534 | D:5      | Noticed a crimson imp
   537 | D:5      | Killed Eustachio
   537 | D:5      | Reached * piety under Okawaru
   538 | D:5      | Reached skill level 7 in Axes
   538 | D:5      | Reached XP level 3. HP: 16/31 MP: 3/3
   538 | D:5      | Reached XP level 4. HP: 21/39 MP: 4/4
   538 | D:5      | Reached XP level 5. HP: 24/45 MP: 5/5
   766 | D:5      | Noticed an ogre
   778 | D:5      | HP: 1/45 [ogre/+0 giant club (14)]
   779 | D:5      | Mangled by an ogre

Illustrated notes

Levels and vault maps discovered:
D:5:      layout_basic, nicolae_overflow_hidden_temple, uniq_crazy_yiuf_cottage,
          uniq_eustachio
D:6:      layout_loops_ring, marbit_many_paths, kennysheep_boxes

Skill      XL: |  1  2 |
---------------+-------+-----
Axes           | 3 7 |  7.7
Fighting       | |  3.6
Dodging        | |  1.5
Stealth        | |  4.1

Action                     |  1- 3 |  4- 6 || total
---------------------------+-------+-------++-------
  Melee: Hand axe          |    16 |    10 ||    26
         Unarmed           |    16 |     3 ||    19
    Use: Potion            |     3 |       ||     3
   Stab: Sleeping          |     1 |       ||     1
 Armour: Leather armour    |    12 |       ||    12
         Skin              |    21 |     1 ||    22
  Dodge: Dodged            |    21 |     4 ||    25
